 Dungeon Crawl Stone Soup version 0.28-a0-863-g8cecda6153 (webtiles) character file.

Game seed: 8789287564238852548

63 siradein the Skirmisher (level 3, 0/29 HPs)
             Began as a Demonspawn Fighter on Nov 18, 2021.
             Slain by a gnoll (3 damage)
             ... on level 2 of the Dungeon.
             The game lasted 00:03:28 (2209 turns).

siradein the Skirmisher (Demonspawn Fighter)        Turns: 2209, Time: 00:03:28

Health: 0/29       AC:  8    Str: 17    XL:     3   Next: 87%
Magic:  3/3        EV:  9    Int:  9    God:
Gold:   222        SH:  4    Dex: 12    Spells: 2/2 levels left

rFire   . . .      SeeInvis .   a - +0 long sword
rCold   . . .      Faith    .   c - +0 buckler
rNeg    . . .      Spirit   .   b - +0 scale mail
rPois   .          Reflect  .   (helmet restricted)
rElec   .          Harm     .   (no cloak)
rCorr   .          Rampage  .   (no gloves)
Will    .....                   (no boots)
Stlth   ..........              (no amulet)
HPRegen 0.09/turn               (no ring)
MPRegen 0.08/turn               (no ring)

@: no status effects
A: antennae 1, icy blue scales 1
a: no special abilities


You were on level 2 of the Dungeon.
You visited 1 branch of the dungeon, and saw 3 of its levels.

You collected 222 gold pieces.

Inventory:

Hand Weapons
 a - a +0 long sword (weapon)
Missiles
 h - 33 stones (quivered)
Armour
 b - a +0 scale mail (worn)
 c - a +0 buckler (worn)
Scrolls
 e - a scroll of identify
 f - a scroll of enchant armour
 j - a scroll of magic mapping {unknown}
Potions
 d - a potion of might
 g - 2 potions of curing
 i - a potion of brilliance {unknown}


   Skills:
 + Level 3.5 Fighting
 + Level 2.4 Long Blades
 + Level 3.2 Armour
 + Level 3.2 Shields


You had 2 spell levels left.
You didn't know any spells.
Your spell library was empty.

Dungeon Overview and Level Annotations

Branches:
Dungeon (3/15)

Altars:


Innate Abilities, Weirdness & Mutations

You have a pair of small antennae on your head.
You are partially covered in icy blue scales. (AC +2)


Message History

The gnoll seems to speed up.
You struggle against the net.
A gnoll comes into view. It is wielding a +0 spear.
You rip the net and break free!
The gnoll shouts!
The gnoll hits you with a +0 club. The gnoll hits you with a +0 whip.
The gnoll hits you but does no damage. The gnoll hits you but does no damage.
There is an open door here.
You see here a +0 whip.
The gnoll closely misses you.
There is an open door, spattered with blood here.
The gnoll hits you with a +0 club. The gnoll barely misses you.
There is an open door here.
The gnoll hits you with a +0 club.
The gnoll shaman calls upon its god to speed up something.
You see here a bat skeleton.
The gnoll hits you with a +0 whip.
There is an open door here.
The gnoll closely misses you. The gnoll barely misses you.
The gnoll hits you with a +0 whip!
There is an open door here.
The gnoll hits you with a +0 whip. The gnoll barely misses you.
There is an open door here.
You block the gnoll's attack.
There is a stone staircase leading up here.
You see here a potion of degeneration.
The gnoll closely misses you. The gnoll hits you with a +0 whip.
* * * LOW HITPOINT WARNING * * *
The gnoll hits you with a +0 club.
* * * LOW HITPOINT WARNING * * *
You climb upwards.
There is a stone staircase leading down here.
The gnoll hits you with a +0 whip.
* * * LOW HITPOINT WARNING * * *
The gnoll hits you with a +0 whip.
You die...

#.######## #.#
#.##..)..# #.#
#.##.....# #.#
#.##.....# #.#
#.##....)# #.#
#.##.....# #.#
#.##.....# #.#
..##.....###########
#.#
................@g>#
#.#
.###.....##.######.#
#.# .##########.#
#.# #.# ....### #.#
#.# #.# ....+.# #.#
#.# #.# ....#.# #.#
#.#####.#
....#'#####.###
#.......#
..............#
#########
..............#


You could see a gnoll (fast).

Vanquished Creatures
  A gnoll (D:3)
  An adder (D:2)
  A worm (D:2)
  4 bats
  2 endoplasms
  5 goblins
  5 hobgoblins
  6 jackals (D:1)
  2 quokkas (D:1)
  A ball python (D:1)
  2 frilled lizards
  3 kobolds
  5 rats
38 creatures vanquished.

Vanquished Creatures (others)
  17 plants (D:3)
  5 toadstools (D:2)
22 creatures vanquished.

Grand Total: 60 creatures vanquished

Notes
Turn   | Place    | Note
-------+----------+-------------------------------------------
     0 | D:1      | siradein the Demonspawn Fighter began the quest for the
                  | Orb.
     0 | D:1      | Reached XP level 1. HP: 18/18 MP: 1/1
    17 | D:1      | Found a faded altar of an unknown god.
   190 | D:1      | Gained mutation: You are partially covered in icy blue
                  | scales. (AC +2) [demonic ancestry]
   190 | D:1      | Reached XP level 2. HP: 24/24 MP: 2/2
   832 | D:1      | Gained mutation: You have a pair of small antennae on your
                  | head. [demonic ancestry]
   832 | D:1      | Reached XP level 3. HP: 27/29 MP: 3/3
  2209 | D:2      | Slain by a gnoll

Illustrated notes

Levels and vault maps discovered:
D:1:      lemuel_arrival_hallway, layout_basic,
          hellmonk_ecumenical_altar_arch_garden
D:2:      layout_basic, minmay_gold_behind_fungi
D:3:      layout_basic, nicolae_grassy_gnolls

Skill      XL: |  1  2 |
---------------+-------+-----
Long Blades    | 2 |  2.4
Armour         | 3 |  3.2
Shields        | 3 |  3.2
Fighting       | |  3.5

Action                   || total
-------------------------++-------
Melee: Long sword        ||   108
Throw: Stone             ||     1
  Use: Scroll            ||     3
Armor: Scale mail        ||    53
Dodge: Dodged            ||    56
Block: Buckler           ||    23

Table legend: (Time is in decaauts)
 A = Elapsed time spent in this place.
 B = Non-inter-level travel time spent in this place.
 C = Inter-level travel time spent in this place.
 D = Time resting spent in this place.
 E = Time spent auto-exploring this place.
 F = Levels seen in this place.
 G = Mean time per level.
                   A        B        C        D        E       F      G
               +--------+--------+--------+--------+--------+-----+--------+
         Total |   2243 |   2153 |     90 |     53 |   1735 |   3 |  747.7 |
       Dungeon |   2243 |   2153 |     90 |     53 |   1735 |   3 |  747.7 |
               +--------+--------+--------+--------+--------+-----+--------+

Top non-repeatable levels by time:
     D:1: 1082 daAuts
     D:2: 854 daAuts
     D:3: 306 daAuts
